 Dungeon Crawl Stone Soup version 0.27.1-1-g398f81649c (webtiles) character file.

Game seed: 14214442505683459995

118307 bnorton916 the Devastator (level 16, -5/68 HPs)
             Began as a Deep Elf Conjurer on Sept 7, 2021.
             Was a High Priest of Vehumet.
             Blew themself up (72 damage)
             ... with an orb of destruction
             ... on level 1 of the Swamp.
             The game lasted 01:36:14 (53599 turns).

bnorton916 the Devastator (Deep Elf Conjurer)      Turns: 53599, Time: 01:36:15

Health: -5/68      AC: 22    Str: 10    XL:     16   Next: 25%
Magic:  21/36      EV: 14    Int: 38    God:    Vehumet [*****.]
Gold:   872        SH:  0    Dex: 15    Spells: 0/44 levels left

rFire    . . .     SeeInvis .   a - staff of conjuration
rCold    . . .     Faith    .   (no shield)
rNeg     . . .     Spirit   .   T - quicksilver dragon scales
rPois    .         Reflect  .   X - +2 hat {Int+3}
rElec    .         Harm     .   r - +2 cloak {Stlth+}
rCorr    .         Rampage  .   S - +0 pair of gloves
Will     ++...     Clarity  +   O - +0 pair of boots
Stlth    +.........             (no amulet)
HPRegen  0.21/turn              b - +4 ring of protection
MPRegen  0.25/turn              t - ring "Yzo Fuob" {Str+4 Int+6 Dex+2}

@: studying Necromancy, very slow
A: clarity, frail 1
a: Renounce Religion


You were on level 1 of the Swamp.
You worshipped Vehumet.
Vehumet was extremely pleased with you.
You visited 5 branches of the dungeon, and saw 22 of its levels.
You also visited: Ossuary, Gauntlet and Ice Cave.

You collected 4383 gold pieces.
You spent 3511 gold pieces at shops.

Inventory:

Hand Weapons
 e - a +2 demon trident of flaming
Missiles
 f - 575 stones
 g - 4 throwing nets
 M - 3 curare-tipped darts (quivered)
Armour
 p - a +2 robe of resistance
 r - a +2 cloak of stealth (worn)
 J - the +1 buckler of the Zebra {rElec Str+2 Int+2}
   (You found it on level 1 of the Orcish Mines)

   Str:       It affects your strength (+2).
   Int:       It affects your intelligence (+2).
   rElec:     It insulates you from electricity.
 O - a +0 pair of boots (worn)
 S - a +0 pair of gloves (worn)
 T - quicksilver dragon scales (worn)
 X - a +2 hat of intelligence (worn)
Magical Staves
 a - a staff of conjuration (weapon)
Jewellery
 b - a +4 ring of protection (left hand)
 s - a ring of see invisible
 t - the ring "Yzo Fuob" (right hand) {Str+4 Int+6 Dex+2}
   (You acquired it in a Gauntlet)

   [ring of intelligence]

   Str:       It affects your strength (+4).
   Int:       It affects your intelligence (+6).
   Dex:       It affects your dexterity (+2).
 u - a ring of willpower
 F - a ring of protection from cold
Wands
 n - a wand of iceblast (13)
 z - a wand of paralysis (7)
 E - a wand of flame (82)
 G - a wand of acid (11)
 K - a wand of mindburst (14)
 U - a wand of polymorph (28)
Scrolls
 c - 6 scrolls of fog
 h - a scroll of magic mapping
 j - 3 scrolls of teleportation
 k - 2 scrolls of summoning
 v - 3 scrolls of silence
 x - 4 scrolls of blinking
 A - a scroll of enchant weapon
 B - a scroll of enchant armour
 D - 2 scrolls of immolation
 L - a scroll of holy word
 R - 3 scrolls of fear
 W - 3 scrolls of identify
Potions
 d - 4 potions of resistance
 i - 3 potions of magic
 l - 3 potions of might
 m - a potion of flight
 o - 3 potions of brilliance
 q - 5 potions of curing
 C - 4 potions of lignification
 H - 3 potions of heal wounds
 P - a potion of invisibility
 Q - 4 potions of haste
Miscellaneous
 w - a condenser vane
 y - a condenser vane


   Skills:
 - Level 11.8 Staves
 - Level 4.0 Armour
 - Level 8.9 Dodging
 - Level 2.4 Stealth
 - Level 3.6 Shields
 + Level 14.6 Spellcasting
 - Level 16.2 Conjurations
 - Level 6.8 Hexes
 - Level 12.0 Necromancy
 - Level 5.6 Translocations
 - Level 12.4 Fire Magic
 - Level 12.0 Ice Magic
 - Level 2.0 Air Magic
 - Level 3.0 Poison Magic
 - Level 2.0 Evocations


You couldn't memorise any spells.
You knew the following spells:

 Your Spells              Type           Power      Damage    Failure   Level
a - Starburst             Conj/Fire      58%        6d16      1%          6
b - Searing Ray           Conj           100%       3d7       0%          2
c - Fulminant Prism       Conj/Hex       53%        3d23      1%          4
d - Iskenderun's Mystic   Conj/Tloc      100%       2d19      1%          4
e - Orb of Destruction    Conj           61%        9d17      1%          7
f - Mephitic Cloud        Conj/Pois/Air  89%        N/A       1%          3
g - Sandblast             Erth           54%        2d13      1%          1
h - Fireball              Conj/Fire      58%        3d22      1%          5
i - Freezing Cloud        Conj/Ice/Air   51%        6-21      1%          5
j - Ozocubu's Refrigerat  Ice            44%        4d13      5%          7

Your spell library contained the following spells:

 Spells                   Type           Power      Damage    Failure   Level
 Magic Dart               Conj           100%       1d8       0%          1
 Animate Skeleton         Necr           100%       N/A       1%          1
 Corpse Rot               Necr/Air       N/A        N/A       1%          2
 Sublimation of Blood     Necr           43%        N/A       1%          2
 Dazzling Flash           Conj/Hex       100%       N/A       1%          3
 Portal Projectile        Hex/Tloc       100%       N/A       1%          3
 Dispel Undead            Necr           87%        3d28      1%          4
 Hailstorm                Conj/Ice       100%       3d20      1%          4
 Excruciating Wounds      Necr           43%        N/A       1%          5
 Iskenderun's Battlesphe  Conj           100%       2d15      1%          5
 Lightning Bolt           Conj/Air       49%        1d69      1%          5
 Ice Form                 Ice/Tmut       65%        N/A       2%          4
 Olgreb's Toxic Radiance  Pois           50%        N/A       2%          4
 Conjure Ball Lightning   Conj/Air       49%        3x3d17    3%          6
 Death Channel            Necr           43%        N/A       3%          6
 Simulacrum               Ice/Necr       43%        N/A       3%          6
 Call Imp                 Summ           27%        N/A       4%          2
 Airstrike                Air            21%        N/A       4%          4
 Borgnjor's Vile Clutch   Necr/Erth      32%        N/A       8%          5
 Silence                  Hex/Air        28%        N/A       14%         5
 Ignition                 Fire           44%        3d13      30%         8
 Alistair's Intoxication  Tmut/Pois      26%        N/A       43%         5
 Eringya's Noxious Bog    Tmut/Pois      19%        N/A       52%         6
 Blade Hands              Tmut           13%        N/A       65%         5


Dungeon Overview and Level Annotations

Branches:
Dungeon (12/15)            Temple (1/1) D:5            Lair (6/6) D:9
  Swamp (1/4) Lair:4        Snake (0/4) Lair:4        Slime (0/5) Lair:5
    Orc (2/2) D:12            Elf (0/3) Orc:2       Ossuary (visited)
  IceCv (visited)         Gauntlet (visited)

Altars:
Ashenzari
Cheibriados
Dithmenos
Elyvilon
Fedhas
Gozag
Hepliaklqana
Kikubaaqudgha
Makhleb
Nemelex Xobeh
Okawaru
Qazlal
Ru
Sif Muna
Trog
Uskayaw
Vehumet
Wu Jian
Xom
Yredelemnul
Zin
The Shining One
Jiyva

Shops:
D:1 :   D:6 *   Orc:1 *   Orc:2 *?*(([


Innate Abilities, Weirdness & Mutations

You possess an exceptional clarity of mind.
You are frail. (-10% HP)


Message History

Confirm with . or Enter, or press ? or * to list all spells.
Casting: Starburst (dangerous; 1% risk of failure)
Press: ? - help, Dir - look around, f - activate You feel a surge of power!
The mangrove smoulders and burns. x4
Unknown command.
Unknown command.
Unknown command.
Unknown command.
You enter the shallow water.
Moving in this stuff is going to be slow.
Casting: Starburst (dangerous; 1% risk of failure)
Confirm with . or Enter, or press ? or * to list all spells.
Casting: Starburst (dangerous; 1% risk of failure)
Press: ? - help, Dir - look around, f - activate You feel a surge of power!
You smell burning wood.
The mangrove smoulders and burns.
Unknown command.
Unknown command.
Unknown command.
Unknown command.
Found a helmet.
You start resting.
A swamp worm is nearby!
A swamp worm is nearby!
A swamp worm is nearby!
Casting: Starburst (dangerous; 1% risk of failure)
Confirm with . or Enter, or press ? or * to list all spells.
Aiming: Orb of Destruction (dangerous; 1% risk of failure)
Press: ? - help, Shift-Dir - straight line, f - swamp worm
Aim: a swamp worm (wandering, hasn't noticed you)
You feel a surge of power!
The swamp worm fires a harpoon shot at you.
The harpoon shot hits you.
You are yanked forward by the harpoon shot.
Splash!
You fall into the shallow water.
Moving in this stuff is going to be slow.
The orb of destruction hits you!!!!
Ouch! That really hurt!
You die...

.≈≈.≈≈≈.≈≈≈.≈.≈♣
..≈≈≈.≈≈.≈♣≈≈.≈.≈♣
..♣≈≈....≈≈§.≈≈.≈♣
..≈≈§≈≈.≈≈≈≈..≈.♣♣
..≈...≈.≈≈≈≈.≈.(≈♣
..≈≈§≈♣.≈..○..<≈♣♣ .
≈.≈≈.≈≈○○≈..≈.♣
..≈[♣.≈☼○...♣.≈♣♣
.≈≈)..≈@♣.≈≈...♣
♣≈≈.≈≈w≈...≈≈♣.♣
≈≈♣.≈≈≈.≈≈^≈.≈≈♣♣
≈≈≈.≈≈♣.♣≈≈≈.≈≈.♣♣
≈♣≈≈≈.>≈♣≈≈≈.≈...♣
.....♣♣≈≈≈≈≈≈≈♣.≈≈.≈≈♣
♣♣♣♣♣ ♣♣≈≈..≈♣♣♣♣♣♣♣♣♣
♣♣♣..♣♣ ♣..


You could see a swamp worm.

Vanquished Creatures
  Rupert (Lair:3)
  An acid blob (Lair:5)
  Gastronok (Lair:3)
  The ghost of Bipan the Nimble, a journeyman DjCj of Elyvilon (Orc:1)
  An orc warlord (Orc:2)
  A frost giant (Orc:1)
  A dire elephant (Lair:6)
  2 bunyips (Lair:4)
  A minotaur (Gauntlet)
  2 eleionomae
  An ettin (Orc:1)
  A fire dragon (Lair:6)
  The ghost of Thatpatchoflichen the Blocker, a journeyman HOMo of Hepliaklqana (Lair:1)
  4 boulder beetles
  4 hydras
  2 catoblepae
  4 ogre magi (Orc:2)
  A ghost crab (Swamp:1)
  19 two-headed ogres
  An alligator (Lair:4)
  A death knight (D:12)
  15 death yaks
  Urug (D:10)
  A deep troll shaman (Lair:6)
  A spectral death yak (Lair:1)
  A skeletal warrior (D:12)
  A sixfirhy (D:11)
  A goliath frog (Swamp:1)
  A phantasmal warrior (D:11)
  3 orc sorcerers
  A necromancer (IceCv)
  A manticore (D:8)
  5 ugly things
  13 cyclopes (Orc:1)
  17 elephants
  An ice statue (IceCv)
  3 black mambas
  10 cane toads
  A torpor snail (Lair:5)
  An unseen horror (D:11)
  3 gargoyles
  5 freezing wraiths
  16 rime drakes
  A kobold demonologist (D:11)
  7 komodo dragons
  10 ice devils
  A tengu conjurer (D:11)
  An anaconda simulacrum (IceCv)
  4 entropy weaver simulacra (IceCv)
  A hornet (D:9)
  3 polar bears
  A queen bee (Gauntlet)
  2 trolls (Orc:2)
  4 tyrant leeches
  8 slime creatures
  7 blink frogs (Lair:2)
  4 dream sheep (Lair:5)
  A spriggan (D:7)
  4 shadows
  16 wyverns
  28 yaks
  Sigmund (D:3)
  2 dire elephant simulacra (IceCv)
  2 wraiths (D:12)
  2 vampires
  Grum (D:9)
  12 steam dragons
  5 neqoxecs (Orc:1)
  7 basilisks
  6 death yak simulacra (IceCv)
  4 vampire mosquitoes (D:12)
  Menkaure (Ossuary)
  10 wargs
  2 harpy simulacra (IceCv)
  2 swamp worms (Swamp:1)
  A hydra simulacrum (Lair:1)
  16 water moccasins
  4 sky beasts
  14 orc warriors
  3 black bears
  An ice beast (D:7)
  35 ogres
  4 centaurs
  15 wolves
  A black mamba simulacrum (Lair:1)
  3 phantoms
  7 kobold brigands
  16 bullfrogs
  3 gnoll sergeants
  2 scorpions (D:5)
  2 cane toad simulacra
  A water moccasin zombie (D:4)
  2 two-headed ogre simulacra (IceCv)
  2 wyvern skeletons
  2 troll zombies (D:12)
  3 elephant simulacra (IceCv)
  14 killer bees
  7 wights (D:8)
  4 howler monkeys
  A bullfrog zombie (D:6)
  A torpor snail simulacrum (Lair:1)
  6 centaur zombies
  3 jellies
  3 quasits (Orc:1)
  A fire crab simulacrum (Lair:1)
  A hound (D:7)
  8 orc priests
  2 gnoll shamans
  Crazy Yiuf (D:3)
  2 centaur skeletons
  2 bullfrog skeletons
  5 iguanas
  Jessica (D:2)
  9 orc wizards
  Ijyb (D:5)
  2 troll simulacra (IceCv)
  5 hell rats (Lair:4)
  7 polar bear simulacra (IceCv)
  A spriggan simulacrum (IceCv)
  3 wolf simulacra (IceCv)
  5 killer bee zombies
  6 ogre zombies (D:12)
  A hound skeleton (D:4)
  3 mummies (Ossuary)
  A howler monkey zombie (D:9)
  27 gnolls
  7 adders
  3 shadow imps
  4 white imps
  2 ufetubi
  A worm (D:2)
  3 dart slugs
  45 orcs
  4 bats (D:2)
  5 endoplasms
  5 giant cockroaches
  5 gnoll zombies (Ossuary)
  4 goblins
  10 hobgoblins
  2 jackals (D:1)
  3 quokkas
  10 ball pythons
  6 frilled lizards
  6 gnoll skeletons (Ossuary)
  7 goblin skeletons
  6 goblin zombies
  8 hobgoblin skeletons
  5 hobgoblin zombies
  32 kobolds
  7 kobold skeletons (Ossuary)
  6 kobold zombies (Ossuary)
  3 orc skeletons
  18 orc zombies
  7 rats
  2 rat skeletons (Ossuary)
  2 rat zombies (Ossuary)
811 creatures vanquished.

Vanquished Creatures (others)
  57 fulminant prisms
  51 fungi
  74 plants
182 creatures vanquished.

Grand Total: 993 creatures vanquished

Notes
Turn   | Place    | Note
-------+----------+-------------------------------------------
     0 | D:1      | bnorton916 the Deep Elf Conjurer began the quest for the
                  | Orb.
     0 | D:1      | Reached XP level 1. HP: 10/10 MP: 6/6
   367 | D:1      | Found Jetiyl's Book Shop.
   402 | D:1      | Reached XP level 2. HP: 15/15 MP: 4/8
   854 | D:2      | Noticed Jessica
   858 | D:2      | Killed Jessica
   859 | D:2      | Reached skill level 5 in Conjurations
   859 | D:2      | Reached XP level 3. HP: 8/19 MP: 4/10
  1132 | D:1      | Learned a level 2 spell: Searing Ray
  1159 | D:2      | Reached XP level 4. HP: 24/24 MP: 5/12
  1669 | D:2      | Reached skill level 5 in Spellcasting
  1897 | D:2      | Found a stormy altar of Qazlal.
  2025 | D:2      | Found a faded altar of an unknown god.
  2302 | D:3      | Noticed Sigmund
  2310 | D:3      | Killed Sigmund
  2311 | D:3      | Reached skill level 6 in Conjurations
  2311 | D:3      | Reached XP level 5. HP: 28/28 MP: 7/15
  2369 | D:3      | Noticed a black bear
  2377 | D:3      | Killed a black bear
  2378 | D:3      | Reached XP level 6. HP: 32/32 MP: 10/17
  2605 | D:3      | Learned a level 4 spell: Fulminant Prism
  2610 | D:3      | Learned a level 4 spell: Iskenderun's Mystic Blast
  2949 | D:3      | Found a runed translucent door.
  2950 | D:3      | Noticed Crazy Yiuf
  3039 | D:3      | Reached skill level 1 in Translocations
  3355 | D:3      | Killed Crazy Yiuf
  3860 | D:4      | Reached XP level 7. HP: 36/36 MP: 13/19
  4729 | D:4      | Reached skill level 5 in Hexes
  4919 | D:4      | Reached XP level 8. HP: 41/41 MP: 9/20
  5534 | D:5      | Entered Level 5 of the Dungeon
  5540 | D:5      | Reached skill level 5 in Translocations
  6165 | D:5      | Found a sand-covered staircase.
  6170 | Ossuary  | Entered an ossuary
  7973 | Ossuary  | Noticed Menkaure
  7980 | Ossuary  | Killed Menkaure
  7981 | Ossuary  | Reached skill level 1 in Armour
  8732 | D:5      | Found a staircase to the Ecumenical Temple.
  8757 | Temple   | Entered the Ecumenical Temple
  8864 | Temple   | Became a worshipper of Vehumet
  9347 | D:5      | Reached skill level 5 in Dodging
  9461 | D:5      | Noticed Ijyb
  9467 | D:5      | Killed Ijyb
  9845 | D:6      | Reached XP level 9. HP: 42/45 MP: 13/21
 10010 | D:6      | Found Esih's General Store.
 10019 | D:6      | Bought a scroll of identify for 26 gold pieces
 10384 | D:6      | Learned a level 3 spell: Mephitic Cloud
 10538 | D:6      | Reached * piety under Vehumet
 10538 | D:6      | Offered knowledge of Sandblast by Vehumet.
 10541 | D:6      | Learned a level 1 spell: Sandblast
 10562 | D:6      | Found a shimmering blue altar of Sif Muna.
 10910 | D:7      | Reached skill level 1 in Air Magic
 10910 | D:7      | Reached skill level 1 in Poison Magic
 10910 | D:7      | Reached skill level 1 in Evocations
 12124 | D:7      | Reached skill level 7 in Conjurations
 13191 | D:8      | Reached XP level 10. HP: 50/50 MP: 22/22
 13295 | D:8      | Reached skill level 8 in Conjurations
 13640 | D:8      | Offered knowledge of Shock by Vehumet.
 13643 | D:8      | Reached ** piety under Vehumet
 14172 | D:8      | Noticed a two-headed ogre
 14172 | D:8      | Noticed a manticore
 14177 | D:8      | Reached skill level 9 in Conjurations
 15007 | D:8      | Killed a two-headed ogre
 15008 | D:8      | Reached skill level 10 in Conjurations
 15011 | D:8      | Killed a manticore
 15012 | D:8      | Reached skill level 11 in Conjurations
 15797 | D:9      | Found an iron altar of Okawaru.
 15868 | D:9      | Noticed a death yak
 16030 | D:9      | Killed a death yak
 16031 | D:9      | Reached skill level 12 in Conjurations
 16182 | D:9      | Noticed an elephant
 16213 | D:9      | Killed an elephant
 16214 | D:9      | Reached XP level 11. HP: 41/54 MP: 13/23
 16320 | D:9      | Offered knowledge of Inner Flame by Vehumet.
 16338 | D:9      | Found a staircase to the Lair.
 17273 | D:9      | Noticed a two-headed ogre
 17404 | D:9      | Killed a two-headed ogre
 17405 | D:9      | Reached skill level 13 in Conjurations
 17799 | D:9      | Noticed Grum
 17805 | D:9      | Killed Grum
 18395 | D:9      | Got Sif Muna's Incunabulum of Evil Transformation
 18414 | Lair:1   | Entered Level 1 of the Lair of Beasts
 19092 | D:9      | Reached *** piety under Vehumet
 19281 | D:9      | Reached skill level 14 in Conjurations
 19901 | Lair:1   | Found a runed translucent gate.
 19901 | Lair:1   | Found a runed translucent gate.
 19901 | Lair:1   | Found a runed translucent gate.
 19902 | Lair:1   | Noticed Thatpatchoflichen's ghost (journeyman HOMo)
 21057 | Lair:2   | Offered knowledge of Airstrike by Vehumet.
 21337 | D:1      | Bought a book of the Spheres for 594 gold pieces
 21345 | D:1      | Learned a level 7 spell: Orb of Destruction
 21965 | Lair:1   | Reached skill level 15 in Conjurations
 22504 | Lair:1   | Killed Thatpatchoflichen's ghost
 22897 | Lair:2   | Reached skill level 1 in Staves
 23006 | Lair:2   | Reached XP level 12. HP: 58/59 MP: 17/24
 23324 | Lair:2   | Identified the +7 long sword "Palokk" {antimagic, Fly rElec
                  | Str+7 Dex-5}
 24373 | Lair:3   | Noticed Gastronok
 24933 | Lair:3   | Reached skill level 5 in Staves
 25068 | Lair:3   | Reached **** piety under Vehumet
 25135 | Lair:3   | Noticed Rupert
 25140 | Lair:3   | Killed Rupert
 25141 | Lair:3   | Reached skill level 16 in Conjurations
 25198 | Lair:3   | Killed Gastronok
 25764 | Lair:4   | Found a gate leading to a gauntlet.
 25865 | Lair:4   | Identified a scroll of acquirement
 25866 | Lair:4   | Acquired 579 gold pieces
 25886 | Lair:4   | Offered knowledge of Frozen Ramparts by Vehumet.
 25888 | Gauntlet | Entered a Gauntlet
 25888 | Gauntlet | Found a transporter.
 25888 | Gauntlet | Found a transporter.
 25892 | Gauntlet | Found a transporter.
 25892 | Gauntlet | Found a transporter.
 25892 | Gauntlet | Found a transporter.
 25894 | Gauntlet | Found a large runed translucent door.
 25895 | Gauntlet | Found a large runed translucent door.
 25896 | Gauntlet | Found a large runed translucent door.
 25896 | Gauntlet | Found a large runed translucent door.
 25896 | Gauntlet | Found a runed translucent door.
 25897 | Gauntlet | Found a large runed translucent door.
 25902 | Gauntlet | Found a transporter.
 25903 | Gauntlet | Found a transporter.
 25909 | Gauntlet | Found a transporter.
 25930 | Gauntlet | Found a runed translucent door.
 25931 | Gauntlet | Found a large runed translucent door.
 25931 | Gauntlet | Found a large runed translucent door.
 25931 | Gauntlet | Found a large runed translucent door.
 25932 | Gauntlet | Found a large runed translucent door.
 25960 | Gauntlet | Learned a level 5 spell: Fireball
 26041 | Gauntlet | Reached skill level 1 in Fire Magic
 26177 | Gauntlet | Found a transporter.
 26181 | Gauntlet | Reached skill level 10 in Spellcasting
 26367 | Gauntlet | Acquired the ring "Yzo Fuob" {Str+4 Int+6 Dex+2}
 26495 | Gauntlet | Acquired a staff of conjuration
 26695 | Gauntlet | Found a transporter.
 26722 | Gauntlet | Found a transporter.
 26729 | Gauntlet | Found a large runed translucent door.
 26730 | Gauntlet | Found a large runed translucent door.
 26981 | Gauntlet | Found a transporter.
 27024 | Gauntlet | Noticed a minotaur
 27063 | Gauntlet | Found a runed translucent gate.
 27063 | Gauntlet | Found a runed translucent gate.
 27063 | Gauntlet | Found a runed translucent gate.
 27068 | Gauntlet | Killed a minotaur
 27329 | Gauntlet | Got Suon's Collected Works on Shape Shifting and Flight
 27329 | Gauntlet | Got the Reference Book on Gliding Sinister Arts
 28192 | Lair:4   | Learned a level 5 spell: Freezing Cloud
 28255 | Lair:4   | Reached XP level 13. HP: 63/63 MP: 23/29
 28314 | Lair:4   | Found a staircase to the Swamp.
 28430 | Lair:4   | Reached skill level 1 in Ice Magic
 28729 | Lair:4   | Reached ***** piety under Vehumet
 28729 | Lair:4   | Offered knowledge of Sticky Flame by Vehumet.
 28834 | Lair:4   | Found a staircase to the Snake Pit.
 29016 | Lair:4   | Reached skill level 10 in Staves
 29926 | Lair:5   | Found a runed translucent door.
 29926 | Lair:5   | Found a viscous altar of Jiyva.
 30068 | Lair:5   | Reached skill level 5 in Fire Magic
 30930 | Lair:5   | Noticed an acid blob
 30931 | Lair:5   | Found a staircase to the Slime Pits.
 31193 | Lair:5   | Killed an acid blob
 31194 | Lair:5   | Reached skill level 5 in Ice Magic
 31467 | Lair:6   | Entered Level 6 of the Lair of Beasts
 33719 | Lair:5   | Reached XP level 14. HP: 68/68 MP: 12/32
 37542 | D:10     | Entered Level 10 of the Dungeon
 37977 | D:10     | Noticed Urug
 37991 | D:10     | Killed Urug
 38005 | D:10     | Found a snail-covered altar of Cheibriados.
 38005 | D:10     | Found a broken altar of Ashenzari.
 38217 | D:10     | Found a shimmering altar of Xom.
 38277 | D:10     | Found a bloodstained altar of Trog.
 38493 | D:11     | Found a frozen archway.
 38502 | IceCv    | Entered an ice cave
 38787 | IceCv    | Offered knowledge of Yara's Violent Unravelling by Vehumet.
 40244 | IceCv    | Found an ancient bone altar of Kikubaaqudgha.
 40473 | D:11     | Found a runed translucent door.
 40714 | D:11     | Reached skill level 1 in Necromancy
 40879 | D:11     | Reached skill level 10 in Fire Magic
 41176 | D:11     | Reached XP level 15. HP: 72/72 MP: 9/35
 42336 | D:12     | Offered knowledge of Bolt of Magma by Vehumet.
 43717 | D:12     | Reached skill level 5 in Necromancy
 43717 | D:12     | Reached skill level 10 in Ice Magic
 44180 | D:12     | Found an iron altar of Okawaru.
 44804 | D:12     | Found a staircase to the Orcish Mines.
 45159 | D:6      | Bought a scroll of acquirement for 676 gold pieces
 45159 | D:6      | Acquired 1056 gold pieces
 45293 | D:1      | Bought the Unrestrained Analects for 484 gold pieces
 45554 | Orc:1    | Entered Level 1 of the Orcish Mines
 46045 | Orc:1    | Learned a level 7 spell: Ozocubu's Refrigeration
 46133 | Orc:1    | Found a transporter.
 46232 | Orc:1    | Noticed Bipan's ghost (journeyman DjCj)
 46616 | Orc:1    | Found Jysyu's Gadget Gallery.
 46707 | Orc:1    | Found a transporter.
 47719 | Orc:1    | Noticed a frost giant
 47725 | Orc:1    | Killed a frost giant
 47857 | Orc:1    | Identified the +1 buckler of the Zebra {rElec Str+2 Int+2}
 47859 | Orc:1    | Identified the +4 plate armour of the Other Side {rC+
                  | Int+4}
 47885 | Orc:1    | Identified the +6 halberd of the Dead {flame, rF+ Int+4
                  | Stlth+}
 47890 | Orc:1    | Identified the +7 dagger of the Walnut {speed, rC+ Dex+4}
 48102 | Orc:1    | Gained mutation: You are frail. (-10% HP) [a neqoxec]
 48304 | Orc:1    | Killed Bipan's ghost
 48305 | Orc:1    | Gained mutation: You possess an exceptional clarity of
                  | mind. [a neqoxec]
 48552 | Orc:2    | Entered Level 2 of the Orcish Mines
 48552 | Orc:2    | Found Teaxzaem's Distillery.
 48655 | Orc:2    | Found a staircase to the Elven Halls.
 48674 | Orc:2    | Bought a potion of heal wounds for 70 gold pieces
 48674 | Orc:2    | Bought a potion of heal wounds for 70 gold pieces
 48674 | Orc:2    | Bought a potion of resistance for 140 gold pieces
 48674 | Orc:2    | Bought a potion of haste for 140 gold pieces
 48674 | Orc:2    | Bought a potion of brilliance for 56 gold pieces
 48693 | Orc:2    | Found Nyiblicw's Armour Boutique.
 48806 | Orc:2    | Reached skill level 1 in Shields
 49043 | Orc:2    | Noticed an orc warlord
 49050 | Orc:2    | Killed an orc warlord
 49051 | Orc:2    | Reached skill level 10 in Necromancy
 49300 | Orc:2    | Offered knowledge of Starburst by Vehumet.
 50015 | Orc:2    | Bought a +0 pair of boots for 58 gold pieces
 50015 | Orc:2    | Bought quicksilver dragon scales for 780 gold pieces
 50066 | Orc:2    | Paralysed by an ogre mage for 7 turns
 50408 | Orc:2    | Reached XP level 16. HP: 51/68 MP: 10/36
 50663 | Orc:2    | Found Leckutt's Antique Weapon Shop.
 51023 | Orc:2    | Found Qeirhapt's Magic Scroll Boutique.
 51024 | Orc:2    | Found Ostrawic's Antique Weapon Emporium.
 51024 | Orc:2    | Found Gaekk's Assorted Antiques.
 51024 | Orc:2    | Found Ukemate's General Store.
 51267 | Orc:2    | Bought a potion of resistance for 260 gold pieces
 51269 | Orc:2    | Bought a scroll of blinking for 112 gold pieces
 51269 | Orc:2    | Bought a scroll of teleportation for 45 gold pieces
 51725 | Swamp:1  | Entered Level 1 of the Swamp
 53558 | Swamp:1  | Learned a level 6 spell: Starburst
 53599 | Swamp:1  | Blew themself up

Illustrated notes

Levels and vault maps discovered:
D:1:      psy_arrival_basics, layout_rooms, serial_shops, shop,
          minmay_lizard_king
D:2:      layout_basic, shapermc_ecumenical_altar_hornbeckon,
          minmay_hexomino_r4, uniq_jessica
D:3:      layout_basic, uniq_sigmund, uniq_crazy_yiuf_cottage
D:4:      layout_layer_cave
D:5:      layout_loops_ring, minmay_temple_entry_junction, enter_ossuary_2,
          hex_medium, kennysheep_pointless_box, uniq_ijyb
D:6:      layout_gridville, general_overflow_altar, serial_shops,
          nicolae_shop_statue_plus
D:7:      layout_basic, the_hattery
D:8:      cheibrodos_barr_body, layout_basic, corexii_hall_statues_x
D:9:      layout_grid_maze, nicolae_overflow_crystal_walls, david_lair_generic,
          st_stairs_11, uniq_grum
D:10:     layout_rooms, mainiacjoe_overflow_paths,
          mainiacjoe_overflow_small_starburst, gammafunk_temple_overflow_statue,
          uniq_urug
D:11:     cheibrodos_shockbox, layout_irregular_city,
          portal_ice_cave_entry_pillars_1
D:12:     layout_roguey, zombieorc2_lemuel, okawaru_altar_gauntlet_db
Temple:   lightli_temple_of_artemis
Lair:1:   layout_regular_city, gammafunk_ghost_necromancy, st_stairs_12
Lair:2:   layout_loops_ring
Lair:3:   layout_regular_city, grunt_forest_small_clearings, grunt_megastairs_2,
          serial_bayou_shore_b, uniq_rupert, uniq_gastronok
Lair:4:   layout_roguey [special_room_mythical_zoo], minmay_swamp_entry_worms,
          dummy_snake_entry, gauntlet_entry_generic
Lair:5:   beast_lair_carwin_large_2, layout_misc_corridors, slime_altar_2
Lair:6:   grunt_lair_end_beastmaster, layout_misc_corridors,
          bobbens_dragon_lair_wall, lemuel_fruit_fields,
          infiniplex_staircase_pool
Swamp:1:  layout_falls_marsh, evilmike_swamp_ruin_house_3
Orc:1:    giant_chief_lemuel, layout_caves, gammafunk_ghost_stat_death,
          nicolae_shop_gadgets
Orc:2:    st_orc_ogre_mass, layout_caves, serial_shops, shop,
          nicolae_shop_waterfront, nicolae_shop_crystal

Skill      XL: |  1  2  3  4  5  6  7  8  9 10 11 12 13 14 15 16 |
---------------+-------------------------------------------------+-----
Spellcasting   | 4 6 10 12 14 | 14.6
Conjurations   | 5 6 7 12 15 16 | 16.2
Hexes          | 2 5 6 |  6.8
Translocations | 2 4 5 |  5.6
Armour         | 3 4 |  4.0
Dodging        | 5 8 |  8.9
Air Magic      | 2 |  2.0
Poison Magic   | 3 |  3.0
Evocations     | 2 |  2.0
Staves         | 2 9 11 | 11.8
Fire Magic     | 3 6 10 12 | 12.4
Ice Magic      | 6 9 11 12 | 12.0
Necromancy     | 1 10 12 | 12.0
Shields        | 2 3 |  3.6
Stealth        | |  2.4

Action                   |  1- 3 |  4- 6 |  7- 9 | 10-12 | 13-15 | 16-18 || total
-------------------------+-------+-------+-------+-------+-------+-------++-------
Melee: Unarmed           |       |       |     3 |       |       |       ||     3
       Staff             |       |       |       |     3 |    31 |     1 ||    35
Throw: Dart              |       |       |       |     2 |       |       ||     2
 Cast: Magic Dart        |    44 |    75 |   249 |   138 |    46 |     1 ||   553
       Searing Ray       |     1 |     6 |    60 |    79 |     9 |     1 ||   156
       Fulminant Prism   |       |       |    14 |    34 |    10 |       ||    58
       Sandblast         |       |       |    10 |     8 |       |       ||    18
       Iskenderun's Myst |       |       |     4 |    54 |    61 |    12 ||   131
       Mephitic Cloud    |       |       |       |     4 |     7 |       ||    11
       Orb of Destructio |       |       |       |    36 |   289 |    38 ||   363
       Fireball          |       |       |       |     3 |    68 |       ||    71
       Freezing Cloud    |       |       |       |     1 |     5 |       ||     6
       Starburst         |       |       |       |       |       |     3 ||     3
Evoke: Wand              |       |       |       |     3 |       |     1 ||     4
  Use: Scroll            |       |       |    13 |    20 |     6 |     4 ||    43
       Potion            |       |       |       |     5 |     2 |       ||     7
Armor: Robe              |       |       |    20 |       |       |       ||    20
       Leather armour    |       |       |     3 |    54 |    11 |       ||    68
       Steam dragon scal |       |       |       |       |    61 |       ||    61
       Quicksilver drago |       |       |       |       |     2 |    11 ||    13
Dodge: Dodged            |     2 |     6 |    52 |   111 |   140 |    16 ||   327
